 Dungeon Crawl Stone Soup version 0.31-a0-675-g238779eb0a (webtiles) character file.

Game seed: 10774999244957094592

112 qw the Shooter (level 4, -3/28 HPs)
             Began as a Gargoyle Hunter on Sept 5, 2023.
             Slain by a gnoll
             ... wielding a +0 club
              (4 damage)
             ... on level 3 of the Dungeon.
             The game lasted 00:00:39 (1574 turns).

qw the Shooter (Gargoyle Hunter)                    Turns: 1574, Time: 00:00:40

Health: -3/28      AC:  8    Str: 14    XL:     4   Next: 93%
Magic:  4/4        EV: 11    Int: 10    God:
Gold:   111        SH:  0    Dex: 15    Spells: 3/3 levels left

rFire   . . .        Y - +1 shortbow
rCold   . . .        (shield currently unavailable)
rNeg    + . .        c - +0 leather armour
rPois   inf          h - +0 helmet
rElec   +            (no cloak)
rCorr   +            d - +0 pair of gloves {infuse}
SInv    .            (no boots)
Will    .....        (no amulet)
Stlth   ++           b - ring of resist corrosion
HPRegen 0.24/turn    (no ring)
MPRegen 0.09/turn

%: infuse magic (1 MP)
@: no status effects
A: sickness immunity, AC +3, negative energy resistance 1, electricity
resistance, torment resistance 1, petrification resistance
a: no special abilities


You were on level 3 of the Dungeon.
You visited 1 branch of the dungeon, and saw 3 of its levels.

You collected 111 gold pieces.


Innate Abilities, Weirdness & Mutations

You are immune to sickness and miasma.
Your stone body is resilient. (AC +3)
You are immune to poison.
You resist negative energy. (rN+)
You are resistant to electric shocks. (rElec)
You are resistant to unholy torment.
You are immune to petrification.


   Skills:
 - Level 3.0 Fighting
 + Level 5.5 Ranged Weapons
 - Level 1.1 Armour
 - Level 1.5 Dodging
 - Level 1.1 Stealth


You had 3 spell levels left.
You didn't know any spells.
Your spell library was empty.

Inventory:

Hand Weapons
 Y - a +1 shortbow (weapon)
Armour
 a - the +3 ring mail of the Old World {-Tele Str+2 Int+8 Slay+3}
   (You found it on level 3 of the Dungeon)

   Str+2:     It affects your strength (+2).
   Int+8:     It affects your intelligence (+8).
   Slay+3:    It affects your accuracy & damage with ranged weapons and melee
   (+3).
   -Tele:     It prevents most forms of teleportation.
 c - a +0 leather armour (worn)
 d - a +0 pair of gloves of infusion (worn)
 h - a +0 helmet (worn)
Jewellery
 b - a ring of resist corrosion (left hand)
Scrolls
 e - a scroll of enchant armour {unknown}
 g - a scroll of identify
Potions
 f - a potion of resistance
 i - a potion of mutation
 j - 2 potions of enlightenment {unknown}
 l - a potion of might {unknown}

Dungeon Overview and Level Annotations

Branches:
Dungeon (3/15)

Altars:

Annotations:
D:2 1 runed translucent door, Crazy Yiuf


Message History

The gnoll is almost dead.
The gnoll hits you with a +0 spear.
You shoot an arrow. The arrow hits the gnoll!
You kill the gnoll!
The gnoll closely misses you.
Your Armour skill increases to level 1!
You shoot an arrow. The arrow barely misses the gnoll.
The arrow hits the rat.
You kill the rat!
The gnoll hits you with a +0 flail.
You shoot an arrow. The arrow hits the gnoll.
The gnoll is heavily wounded.
The gnoll hits you with a +0 flail.
You shoot an arrow. The arrow barely misses the gnoll.
The arrow hits the gnoll but does no damage.
The gnoll is almost dead.
The gnoll hits you with a +0 flail!
You shoot an arrow. The arrow barely misses the gnoll. x2
The arrow closely misses the gnoll.
The gnoll closely misses you.
You shoot an arrow. The arrow closely misses the gnoll.
The arrow barely misses the gnoll.
The arrow hits the gnoll.
The gnoll is lightly wounded.
The gnoll hits you with a +0 flail.
You shoot an arrow. The arrow hits the gnoll.
You kill the gnoll!
You shoot an arrow. The arrow completely misses the gnoll.
The arrow hits the gnoll!
You kill the gnoll!
You shoot an arrow.
The arrow hits the gnoll but does no damage.
The gnoll is lightly wounded.
The gnoll closely misses you.
You shoot an arrow. The arrow hits the gnoll.
The gnoll is severely wounded.
The gnoll hits you with a +0 club.
You shoot an arrow. The arrow barely misses the gnoll.
The gnoll barely misses you.
You shoot an arrow. The arrow closely misses the gnoll.
The gnoll hits you with a +0 club.
You die...

# ... #######.#
.....###........ .#
.....)g@.#####.#. #.#
.....###........# #..#
... #.###...#(###...# #
#####.# #^..#..#....#
..##.# #...........#
#.##.# #..#.......#
##.##.## #..........#
###......###...........
#............####.##...


You could see a gnoll.

Vanquished Creatures
  4 gnolls
  3 adders (D:2)
  2 worms
  A dart slug (D:1)
  4 endoplasms
  A giant cockroach (D:1)
  2 goblins (D:1)
  3 hobgoblins
  4 jackals (D:2)
  2 quokkas (D:2)
  4 ball pythons (D:2)
  3 bats
  2 frilled lizards (D:1)
  2 kobolds (D:1)
  7 rats
44 creatures vanquished.

Notes
Turn   | Place    | Note
-------+----------+-------------------------------------------
     0 | D:1      | qw the Gargoyle Hunter began the quest for the Orb.
     0 | D:1      | Reached XP level 1. HP: 12/12 MP: 1/1
     0 | D:1      | 0 ||| qw: Version: 0.3-a-75-g829b12e
     0 | D:1      | 0 ||| qw: Game counter: 119
     0 | D:1      | 0 ||| qw: Melee chars always use a shield: true
     0 | D:1      | 0 ||| qw: God list: Okawaru
     0 | D:1      | 0 ||| qw: Allow faded altars: false
     0 | D:1      | 0 ||| qw: Do Orc after clearing Dungeon:15 true
     0 | D:1      | 0 ||| qw: Do second Lair branch before Depths: true
     0 | D:1      | 0 ||| qw: Lair rune preference: random
     0 | D:1      | 0 ||| qw: Goals: Normal
     0 | D:1      | 0 ||| PLANNING D:1-11
   126 | D:1      | Reached XP level 2. HP: 17/17 MP: 2/2
   364 | D:1      | Reached XP level 3. HP: 19/21 MP: 3/3
   401 | D:1      | Reached skill level 5 in Ranged Weapons
   661 | D:1      | 661 ||| UPGRADING to +0 pair of gloves of infusion.
   666 | D:1      | 666 ||| READING scroll labelled OCZIN ZYBEH.
   669 | D:1      | 669 ||| READING scroll labelled HEMAPTURPH.
   670 | D:1      | 670 ||| READING 3 scrolls labelled HOATUS ZOINWUE.
   671 | D:1      | 671 ||| READING scroll labelled FUQ SEONASU.
   672 | D:1      | 672 ||| DRINKING 2 viscous sapphire potions.
   673 | D:1      | 673 ||| READING 2 scrolls of identify.
   673 | D:1      | 673 ||| IDENTIFYING grey potion
   674 | D:1      | 674 ||| DROPPING scroll of butterflies.
   675 | D:1      | 675 ||| DROPPING potion of attraction.
   713 | D:2      | You fall into a shaft and drop 1 floor!
   747 | D:2      | Reached skill level 3 in Fighting
   751 | D:2      | Reached XP level 4. HP: 14/28 MP: 4/4
   843 | D:2      | Found a faded altar of an unknown god.
   843 | D:2      | Noticed a sixfirhy
  1255 | D:2      | Found a runed translucent door.
  1256 | D:2      | Noticed Crazy Yiuf
  1423 | D:2      | 1423 ||| UPGRADING to +0 helmet.
  1428 | D:2      | 1428 ||| UPGRADING to ring of resist corrosion.
  1429 | D:2      | 1429 ||| READING scroll labelled FOWUON XOOFYD.
  1430 | D:2      | 1430 ||| READING scroll labelled SOUTU KIUTHEZ.
  1431 | D:2      | 1431 ||| DRINKING 2 inky potions.
  1432 | D:2      | 1432 ||| READING 2 scrolls of identify.
  1432 | D:2      | 1432 ||| IDENTIFYING glowing black potion
  1433 | D:2      | 1433 ||| DROPPING potion of magic.
  1487 | D:3      | Identified the +3 ring mail of the Old World {-Tele Str+2
                  | Int+8 Slay+3}
  1556 | D:3      | 1556 ||| RETREATING.
  1559 | D:3      | 1559 ||| Stepping ~*~*~tactically~*~*~ (retreating).
  1564 | D:3      | Reached skill level 1 in Armour
  1566 | D:3      | HP: 6/28 [gnoll/+0 flail (7)]
  1572 | D:3      | HP: 1/28 [gnoll/+0 club (6)]
  1574 | D:3      | Slain by a gnoll

Levels and vault maps discovered:
D:1:      minmay_arrival_plants_in_alcoves, layout_loops_cross
D:2:      layout_basic, dreamdust_ecumenical_altar_sealed_demon,
          uniq_crazy_yiuf_cottage
D:3:      layout_loops_ring, serial_shops, nicolae_square_shop

Skill      XL: |  1  2  3  4 |
---------------+-------------+-----
Ranged Weapons | 5 |  5.5
Fighting       | 3 |  3.0
Armour         | 1 |  1.1
Dodging        | |  1.5
Stealth        | |  1.1

Action                     |  1- 3 |  4- 6 || total
---------------------------+-------+-------++-------
   Fire: Shortbow          |    93 |    57 ||   150
    Use: Scroll            |     5 |     3 ||     8
         Potion            |     1 |     1 ||     2
 Armour: Leather armour    |    43 |    14 ||    57
  Dodge: Dodged            |    37 |    24 ||    61

Table legend:
 A = Non-vault XP
 B = Vault XP
 C = Vault XP percentage of total XP
 D = Non-vault monster count
 E = Vault monster count
 F = Vault count percentage of total count
                 A         B        C        D         E       F
            +---------+---------+-------+---------+---------+-------
      Total |     160 |       0 |   0.0 |      44 |       0 |   0.0
            +---------+---------+-------+---------+---------+-------
        D:1 |      43 |       0 |   0.0 |      19 |       0 |   0.0
        D:2 |      67 |       0 |   0.0 |      18 |       0 |   0.0
        D:3 |      50 |       0 |   0.0 |       7 |       0 |   0.0
            +---------+---------+-------+---------+---------+-------
